 Dungeon Crawl Stone Soup version 0.28.0 (webtiles) character file.

Game seed: 7530000616501324034

3544 thesequoiad the Blocker (level 9, -8/83 HPs)
             Began as a Minotaur Fighter on Feb 20, 2022.
             Killed from afar by Pikel (24 damage)
             ... with a bolt of acid
             ... on level 7 of the Dungeon.
             The game lasted 00:18:57 (9207 turns).

thesequoiad the Blocker (Minotaur Fighter)          Turns: 9207, Time: 00:18:58

Health: -8/83      AC:  8    Str: 26    XL:     9   Next: 83%
Magic:  8/8        EV:  7    Int:  5    God:
Gold:   338        SH: 11    Dex: 15    Spells: 8/8 levels left

rFire   . . .      SeeInvis .   a - +0 war axe
rCold   . . .      Faith    .   E - +0 kite shield
rNeg    . . .      Spirit   .   v - +0 chain mail
rPois   .          Reflect  .   (helmet restricted)
rElec   .          Harm     .   C - +0 cloak
rCorr   .          Rampage  .   (no gloves)
Will    +....                   (no boots)
Stlth   ..........              (no amulet)
HPRegen 0.23/turn               y - ring of willpower
MPRegen 0.11/turn               D - +6 ring of dexterity

@: corroded
A: horns 2, retaliatory headbutt
a: no special abilities


You were on level 7 of the Dungeon.
You visited 1 branch of the dungeon, and saw 7 of its levels.

You collected 338 gold pieces.

Inventory:

Hand Weapons
 a - a +0 war axe (weapon)
 b - a +2 dagger of venom
Missiles
 k - 7 poisoned darts (quivered)
 l - 5 datura-tipped darts
Armour
 v - a +0 chain mail (worn)
 C - a +0 cloak (worn)
 E - a +0 kite shield (worn)
Magical Staves
 d - a staff of air
Jewellery
 u - a +4 ring of protection
 y - a ring of willpower (left hand)
 D - a +6 ring of dexterity (right hand)
Wands
 c - a wand of iceblast (17)
Scrolls
 e - a scroll of silence
 g - a scroll of torment
 i - 6 scrolls of teleportation
 o - a scroll of enchant armour
 r - a scroll of vulnerability {unknown}
 t - 3 scrolls of blinking
 w - a scroll of amnesia {unknown}
 x - a scroll of magic mapping {unknown}
 A - 4 scrolls of identify
Potions
 f - 2 potions of ambrosia {unknown}
 h - a potion of brilliance {unknown}
 j - 4 potions of attraction
 m - a potion of flight {unknown}
 n - a potion of magic {unknown}
 p - 4 potions of mutation
 q - a potion of berserk rage {unknown}
 B - 2 potions of resistance {unknown}


   Skills:
 + Level 9.0 Fighting
 + Level 8.5 Axes
 + Level 9.0 Armour
 - Level 10.0 Shields


You had 8 spell levels left.
You didn't know any spells.
Your spell library was empty.

Dungeon Overview and Level Annotations

Branches:
Dungeon (7/15)             Temple (0/1) D:4

Altars:

Shops:
D:2 :

Annotations:
D:5 3 runed translucent doors, Skilfsilihog's ghost, novice DrCj
D:7 Pikel


Innate Abilities, Weirdness & Mutations

You have a pair of horns on your head.
You reflexively headbutt those who attack you in melee.


Message History

b - a +2 dagger of venom (weapon)
The scorpion stings you.
You hit the scorpion but do no damage.
The scorpion looks even sicker.
The scorpion is heavily wounded.
The scorpion stings you but does no damage.
You kill the scorpion!
Your Fighting skill increases to level 9!
Your Armour skill increases to level 9!
Your +2 dagger of venom stops dripping with poison.
a - a +0 war axe (weapon)
Things that are here:
a +0 flail; a +0 robe; a scorpion corpse
Things that are here:
a +1 scimitar of freezing; a +0 robe
k - 7 poisoned darts (gained 1)
A lemure comes into view.
Pikel, Merchant of Souls comes into view.
He is wielding a +1 whip of electrocution, wearing a +0 robe of fire resistance and carrying a wand of acid (9).
Pikel zaps a wand.
The bolt of acid misses you.
A lemure comes into view.
The lemure shouts!
A lemure comes into view. x2
You see here a poisoned dart.
Found a golden potion.
Pikel hits you but does no damage.
You are electrocuted!
You hit Pikel but do no damage. Pikel closely misses you.
You slash Pikel!
Pikel is moderately wounded.
Pikel hits you with a +1 whip of electrocution.
You are electrocuted!
Pikel barely misses you.
You miss Pikel.
Pikel is moderately wounded.
Pikel zaps a wand.
The bolt of acid hits you!! The acid corrodes you!
You completely miss Pikel. You headbutt Pikel.
Pikel is moderately wounded.
Pikel hits you with a +1 whip of electrocution.
You are electrocuted!!
* * * LOW HITPOINT WARNING * * *
Unknown command.
You see here a poisoned dart.
You feel better.
Pikel zaps a wand.
The bolt of acid hits you!!
You die...

#.... #.............. ...
#...........##.
#.###.#........####
#55##......#......#
##5#.........####.#
#(#.#.###.### #.# ##5#...#
#)# #.. ########.K...##
#.## ##. #........@.###
#..######. #..........##
##......#.
#...........###########...
#.......#.#........).###..
#......##.###.............
#......##<# .............
#......##.. ...>....##...
#......###. ##.##........
#####)## ##.##.##..###.#.


You could see Pikel and 4 lemures.

Vanquished Creatures
  Maggie (D:6)
  Grinder (D:6)
  Sigmund (D:4)
  2 steam dragons (D:7)
  Menkaure (D:6)
  A water moccasin (D:6)
  3 ice beasts
  An orc warrior (D:7)
  6 ogres
  A necrophage (D:7)
  A centaur (D:7)
  A scorpion (D:7)
  A water moccasin zombie (D:5)
  2 water moccasin skeletons (D:3)
  9 wights
  2 hounds (D:4)
  3 jellies
  A centaur skeleton (D:6)
  A centaur zombie (D:6)
  An orc priest (D:7)
  2 gnoll shamans
  Crazy Yiuf (D:6)
  Ijyb (D:4)
  3 iguanas
  4 orc wizards
  A hound skeleton (D:5)
  A mummy (D:4)
  2 howler monkey zombies
  9 gnolls
  11 adders
  A shadow imp (D:7)
  An ufetubus (D:5)
  An adder skeleton (D:4)
  A worm (D:2)
  A dart slug (D:4)
  13 orcs
  3 ball pythons
  4 bats
  5 endoplasms
  3 giant cockroaches
  5 hobgoblins
  8 kobolds
  6 quokkas
  3 frilled lizards
  9 goblins
  A hobgoblin zombie (D:4)
  2 kobold zombies (D:4)
  An orc zombie (D:4)
  7 rats
150 creatures vanquished.

Vanquished Creatures (others)
  A plant (D:4)
1 creature vanquished.

Grand Total: 151 creatures vanquished

Notes
Turn   | Place    | Note
-------+----------+-------------------------------------------
     0 | D:1      | thesequoiad the Minotaur Fighter began the quest for the
                  | Orb.
     0 | D:1      | Reached XP level 1. HP: 19/19 MP: 0/0
   526 | D:1      | Reached XP level 2. HP: 27/27 MP: 1/1
   548 | D:1      | Found a faded altar of an unknown god.
   994 | D:2      | Reached skill level 4 in Shields
   994 | D:2      | Reached XP level 3. HP: 23/33 MP: 2/2
  1364 | D:2      | Found Wuqol's Book Shop.
  1694 | D:2      | Reached XP level 4. HP: 41/41 MP: 3/3
  1848 | D:3      | Reached XP level 5. HP: 21/47 MP: 4/4
  2762 | D:3      | Reached skill level 5 in Fighting
  2762 | D:3      | Reached skill level 5 in Armour
  2762 | D:3      | Reached skill level 5 in Shields
  3007 | D:4      | Noticed Sigmund
  3052 | D:4      | Killed Sigmund
  3053 | D:4      | Reached XP level 6. HP: 33/56 MP: 5/5
  3517 | D:4      | Noticed Ijyb
  3518 | D:4      | Paralysed by Ijyb for 5 turns
  3546 | D:4      | Killed Ijyb
  3628 | D:4      | Reached skill level 5 in Axes
  3669 | D:4      | Reached XP level 7. HP: 62/62 MP: 6/6
  3801 | D:4      | Found a staircase to the Ecumenical Temple.
  4225 | D:5      | Entered Level 5 of the Dungeon
  4239 | D:5      | Reached skill level 6 in Shields
  4656 | D:5      | Found a runed translucent gate.
  4656 | D:5      | Found a runed translucent gate.
  4656 | D:5      | Found a runed translucent gate.
  4657 | D:5      | Noticed Skilfsilihog's ghost (novice DrCj)
  4850 | D:5      | Reached skill level 7 in Shields
  5477 | D:6      | Reached XP level 8. HP: 71/71 MP: 7/7
  5825 | D:6      | Noticed Grinder
  5838 | D:6      | Killed Grinder
  5873 | D:6      | Reached skill level 8 in Shields
  6014 | D:6      | Found a runed translucent door.
  6015 | D:6      | Noticed Crazy Yiuf
  6038 | D:6      | Noticed Maggie
  6560 | D:6      | Noticed Menkaure
  6573 | D:6      | Killed Menkaure
  6783 | D:6      | Reached skill level 9 in Shields
  6784 | D:6      | Reached XP level 9. HP: 31/75 MP: 8/8
  7334 | D:6      | Killed Maggie
  7439 | D:6      | Killed Crazy Yiuf
  7974 | D:7      | Reached skill level 10 in Shields
  9194 | D:7      | Noticed Pikel
  9207 | D:7      | Killed from afar by Pikel

Illustrated notes

Levels and vault maps discovered:
D:1:      sevenhm_arrival_forest_fort_large_4, layout_loops_ring,
          shapermc_ecumenical_altar_pompeii
D:2:      layout_loops_ring, serial_shops, nicolae_diamond_shop
D:3:      layout_basic
D:4:      cheibrodos_barr_body, layout_basic, minmay_temple_entry_mini_moons,
          serial_forest, infiniplex_forest_straight_1,
          infiniplex_forest_straight_5, infiniplex_forest_end_2,
          infiniplex_forest_lined_room_, infiniplex_forest_lined_ring,
          infiniplex_forest_straight_3, infiniplex_forest_lined_1,
          minmay_misc_feat_tower, minmay_mini_ossuary, uniq_sigmund, uniq_ijyb
D:5:      layout_rooms, gammafunk_ghost_nasty_kobolds
D:6:      layout_basic, uniq_menkaure, uniq_maggie, uniq_grinder,
          uniq_crazy_yiuf_cottage
D:7:      cheibrodos_steamvent, layout_rooms, uniq_pikel

Skill      XL: |  1  2  3  4  5  6  7  8  9 |
---------------+----------------------------+-----
Fighting       | 4 5 6 7 9 |  9.0
Axes           | 3 4 5 7 8 |  8.5
Armour         | 4 5 6 7 9 |  9.0
Shields        | 4 5 7 9 10 | 10.0

Action                   |  1- 3 |  4- 6 |  7- 9 || total
-------------------------+-------+-------+-------++-------
Melee: War axe           |    65 |   106 |   259 ||   430
       Headbutt          |    11 |    12 |    58 ||    81
       Dagger            |       |       |    14 ||    14
Throw: Dart              |       |       |     3 ||     3
  Use: Scroll            |       |     1 |     8 ||     9
       Potion            |       |     1 |     4 ||     5
Armor: Scale mail        |    25 |    31 |       ||    56
       Chain mail        |       |    10 |   133 ||   143
Dodge: Dodged            |    31 |    41 |    98 ||   170
Block: Buckler           |    15 |    24 |    67 ||   106
       Kite shield       |       |       |    21 ||    21
